 Dungeon Crawl Stone Soup version 0.26.1-2-gb8aa6d0cf2 (webtiles) character file.

Game seed: 14620020180155798907

1085 FishyPogo the Changer (level 8, 0/67 HPs)
             Began as a Red Draconian Transmuter on Mar 2, 2021.
             Was a Believer of Cheibriados.
             Slain by Harold
             ... wielding a +1 vorpal glaive
              (26 damage)
             ... on level 7 of the Dungeon.
             The game lasted 00:17:22 (6465 turns).

FishyPogo the Changer (Red Draconian Transmuter)    Turns: 6465, Time: 00:17:22

Health: 0/67       AC:  2    Str: 19    XL:     8   Next: 9%
Magic:  9/12       EV: 20    Int: 20    God:    Cheibriados [**....]
Gold:   343        SH:  0    Dex: 24    Spells: 5/13 levels left

rFire    . . .     SeeInvis +     - Unarmed
rCold    . . .     Faith    .   (shield currently unavailable)
rNeg     . . .     Spirit   .   (armour unavailable)
rPois    x         Reflect  .   (helmet currently unavailable)
rElec    .         Harm     .   (cloak currently unavailable)
rCorr    .         Rampage  .   (gloves currently unavailable)
Will     .....                  (boots currently unavailable)
Stlth    ++........             (no amulet)
HPRegen  0.21/turn              n - ring of see invisible
MPRegen  0.13/turn              (no ring)

@: short of breath, spider-form, very slow
A: tiny, (breathe fire), unfitting armour, AC +6
a: End Transformation, Renounce Religion, Bend Time


You were on level 7 of the Dungeon.
You worshipped Cheibriados.
Cheibriados was pleased with you.
You were a venomous arachnid creature.
You visited 1 branch of the dungeon, and saw 7 of its levels.

You collected 343 gold pieces.

Inventory:

Hand Weapons
 j - a +2 dagger of holy wrath
Missiles
 a - 223 stones
 e - 41 poisoned darts
 r - 7 boomerangs
 v - 5 silver javelins
Armour
 t - a +1 cloak (melded)
 x - a +0 buckler (melded)
Jewellery
 n - a ring of see invisible (left front leg)
Wands
 w - a wand of polymorph (2)
Scrolls
 d - 5 scrolls of remove curse
 g - 2 scrolls of noise {unknown}
 k - a scroll of teleportation
 l - a scroll of fear {unknown}
 m - a scroll of fog {unknown}
 q - 3 scrolls of identify
 s - a scroll of magic mapping {unknown}
 u - a scroll of random uselessness {unknown}
Potions
 b - a potion of curing {unknown}
 c - 2 potions of cancellation {unknown}
 f - a potion of ambrosia {unknown}
 h - a potion of degeneration {unknown}
 i - 2 potions of might {unknown}
 o - 5 potions of heal wounds {unknown}
 p - 2 potions of lignification {unknown}


   Skills:
 + Level 4.9 Fighting
 - Level 2.0 Dodging
 + Level 1.2 Shields
 * Level 5.3 Unarmed Combat
 - Level 3.0 Spellcasting
 - Level 3.0 Translocations
 + Level 5.7 Transmutations


You had 5 spell levels left.
You knew the following spells:

 Your Spells              Type           Power        Failure   Level
l - Blink                 Tloc           N/A          17%         2
s - Spider Form           Tmut/Pois      7%           30%         3
u - Wereblood             Tmut           25%          8%          2
y - Beastly Appendage     Tmut           50%          6%          1

Your spell library contained the following spells:

 Spells                   Type           Power        Failure   Level
 Gell's Gravitas          Tloc           7%           28%         3
 Blade Hands              Tmut           12%          58%         5
 Passage of Golubria      Tloc           N/A          61%         4
 Ice Form                 Ice/Tmut       14%          63%         4
 Summon Demon             Summ           1%           99%         5


Dungeon Overview and Level Annotations

Branches:
Dungeon (7/15)             Temple (0/1) D:6

Altars:
Cheibriados
Wu Jian

Annotations:
D:7 Harold


Innate Abilities, Weirdness & Mutations

((You can breathe blasts of fire.))
((Your fiery red scales are hard. (AC +6)))
You cannot fit into any form of body armour.
((Your flesh is heat resistant. (rF+)))
((You are cold-blooded and may be slowed by cold attacks.))


Message History

Found a dagger.
You have got your breath back.
Harold the Weathered comes into view.
He is wielding a +1 vorpal glaive.
Press: ? - help, Shift-Dir - straight line You breathe a blast of fire.
The fiery breath hits Harold.
Harold is lightly wounded.
Harold shouts!
Your transformation is almost over.
Harold is engulfed in blazing flames.
Harold hits you from afar with a +1 vorpal glaive!!
Casting: Beastly Appendage (safe; 1% risk of failure)
Confirm with . or Enter, or press ? or * to list all spells.
Your horns disappear.
Your talons disappear.
You turn into a venomous arachnid creature.
Your +1 cloak melds into your body.
Your +0 buckler melds into your body.
Harold is engulfed in blazing flames.
Harold hits you from afar with a +1 vorpal glaive!
Harold is engulfed in blazing flames.
Harold hits you with a +1 vorpal glaive!!
You die...

#. #.. .# ...# ..
...## .###...##
.......### #.
)........
#...##.....#
#....@s...#
...#####...# #...#
#...# #...# # #...#
.#.##.######...####.
.......)............
#.. #.....≈.........


You could see Harold.

Vanquished Creatures
  2 sky beasts
  A black bear (D:6)
  A centaur (D:6)
  An ogre (D:6)
  2 howler monkeys
  2 bullfrog zombies (D:6)
  2 hounds (D:6)
  2 orc priests (D:6)
  A jelly (D:7)
  A centaur skeleton (D:5)
  An iguana (D:5)
  A worker ant (D:5)
  2 hound zombies
  A worker ant zombie (D:6)
  Robin (D:2)
  10 adders
  A white imp (D:5)
  An ufetubus (D:6)
  An ooze (D:3)
  An adder skeleton (D:2)
  A worm (D:3)
  A dart slug (D:2)
  5 leopard geckos
  18 orcs
  4 ball pythons
  6 bats
  3 giant cockroaches
  14 goblins
  12 hobgoblins
  3 jackals
  12 kobolds
  4 quokkas
  5 frilled lizards
  2 rats
125 creatures vanquished.

Notes
Turn   | Place    | Note
-------+----------+-------------------------------------------
     0 | D:1      | FishyPogo the Draconian Transmuter began the quest for the
                  | Orb.
     0 | D:1      | Reached XP level 1. HP: 16/16 MP: 3/3
   223 | D:1      | Reached XP level 2. HP: 23/23 MP: 1/5
   760 | D:1      | Reached XP level 3. HP: 20/29 MP: 4/6
   763 | D:1      | Learned a level 2 spell: Wereblood
   767 | D:1      | Learned a level 3 spell: Spider Form
  1745 | D:2      | Noticed Robin
  1976 | D:3      | Reached XP level 4. HP: 37/37 MP: 5/7
  2484 | D:3      | Found a snail-covered altar of Cheibriados.
  2489 | D:3      | Became a worshipper of Cheibriados the Contemplative
  3216 | D:3      | Reached XP level 5. HP: 28/45 MP: 8/8
  3460 | D:2      | Killed Robin
  3462 | D:2      | Reached * piety under Cheibriados
  4063 | D:4      | Identified the Volume of Creation and Displacement
  4068 | D:4      | Learned a level 2 spell: Blink
  4484 | D:5      | Entered Level 5 of the Dungeon
  4537 | D:5      | Noticed a sky beast
  4557 | D:5      | Killed a sky beast
  4558 | D:5      | Reached skill level 1 in Translocations
  4558 | D:5      | Reached XP level 6. HP: 9/51 MP: 6/9
  4843 | D:5      | Reached skill level 5 in Transmutations
  4930 | D:5      | Found an ornate altar of the Wu Jian Council.
  5193 | D:6      | Reached ** piety under Cheibriados
  5224 | D:6      | Your scales start taking on a fiery red colour.
  5224 | D:6      | Reached XP level 7. HP: 33/58 MP: 10/10
  5224 | D:6      | Gained mutation: Your flesh is heat resistant. (rF+) [Red
                  | Draconian growth]
  5377 | D:6      | Found a staircase to the Ecumenical Temple.
  5809 | D:6      | Found a snail-covered altar of Cheibriados.
  5867 | D:6      | Reached skill level 5 in Unarmed Combat
  6449 | D:7      | Reached skill level 1 in Shields
  6449 | D:7      | Reached XP level 8. HP: 67/67 MP: 12/12
  6462 | D:7      | Noticed Harold
  6465 | D:7      | Slain by Harold

Illustrated notes

Levels and vault maps discovered:
D:1:      psy_arrival_dodecagon, layout_rooms
D:2:      minmay_spotlight, layout_rooms, kennysheep_cluttered_room, uniq_robin
D:3:      layout_loops_ring, lemuel_doored_altar
D:4:      layout_loops_ring
D:5:      layout_basic, basic_altar
D:6:      layout_basic, minmay_temple_entry_glass, basic_altar,
          hangedman_decor_clover_reticule
D:7:      layout_loops_cross, uniq_harold

Skill      XL: |  1  2  3  4  5  6  7 |
---------------+----------------------+-----
Dodging        | 2 |  2.0
Transmutations | 3 4 5 |  5.7
Fighting       | 2 3 4 |  4.9
Translocations | 1 2 3 |  3.0
Unarmed Combat | 4 5 |  5.3
Spellcasting   | 3 |  3.0
Shields        | 1 |  1.2

Action                   |  1- 3 |  4- 6 |  7- 9 || total
-------------------------+-------+-------+-------++-------
Melee: Unarmed           |   146 |   173 |    63 ||   382
       Tailslap          |    15 |    15 |    14 ||    44
       Kick              |    27 |    34 |    19 ||    80
       Headbutt          |     7 |    28 |     9 ||    44
       Punch             |     2 |     3 |     1 ||     6
 Cast: Beastly Appendage |    34 |    36 |    11 ||    81
       Wereblood         |       |     4 |     2 ||     6
       Spider Form       |       |     1 |     1 ||     2
 Abil: Breathe Fire      |       |       |    12 ||    12
  Use: Scroll            |     2 |       |       ||     2
 Stab: Sleeping          |       |     1 |       ||     1
Armor: Skin              |    43 |    41 |    20 ||   104
Dodge: Dodged            |    96 |   100 |    32 ||   228
Block: Buckler           |       |       |     5 ||     5
